 Dungeon Crawl Stone Soup version 0.23.2-1-ga50397a (webtiles) character file.

Game seed: 483876195158554879

18 Goblin1989 the Skirmisher (level 2, 0/24 HPs)
             Began as a Demonspawn Fighter on Apr 23, 2019.
             Succumbed to an adder's poison
             ... on level 2 of the Dungeon.
             The game lasted 00:01:09 (369 turns).

Goblin1989 the Skirmisher (Demonspawn Fighter)       Turns: 369, Time: 00:01:10

Health: 0/24       AC:  6    Str: 16    XL:     2   Next: 48%
Magic:  2/2        EV:  6    Int:  9    God:
Gold:   0          SH:  8    Dex: 12    Spells: 1/1 levels left

rFire    . . .     SeeInvis .   a - +0 flail
rCold    . . .     Gourm    .   c - +0 shield
rNeg     . . .     Faith    .   b - +0 scale mail
rPois    .         Spirit   .   (no helmet)
rElec    .         Reflect  .   (no cloak)
rCorr    .         Harm     .   (no gloves)
MR       .....                  (no boots)
Stlth    ..........             (no amulet)
HPRegen  0.08/turn              (no ring)
MPRegen  0.08/turn              (no ring)

@: lethally poisoned (0 -> -4)
A: hooves 1
a: no special abilities


You were on level 2 of the Dungeon.
You were not hungry.

You visited 1 branch of the dungeon, and saw 2 of its levels.

Inventory:

Hand Weapons
 a - a +0 flail (weapon)
Armour
 b - a +0 scale mail (worn)
 c - a +0 shield (worn)
Potions
 d - a potion of might {@q4}
Comestibles
 e - a ration
 f - 4 chunks of flesh


   Skills:
 + Level 3.1 Fighting
 * Level 2.2 Maces & Flails
 + Level 2.8 Armour
 + Level 2.8 Shields


You had one spell level left.
You didn't know any spells.
Your spell library was empty.

Dungeon Overview and Level Annotations

Branches:
Dungeon (1/15)

Altars:


Innate Abilities, Weirdness & Mutations

You have large cloven feet.


Message History

You sock the hobgoblin!
You kill the hobgoblin!
No target in view!
No target in view!
No target in view!
No target in view!
No target in view!
No target in view!
HP restored.
You butcher the hobgoblin corpse.
f - 4 chunks of flesh (gained 3)
You butcher the quokka corpse.
f - 5 chunks of flesh (gained 1)
Items here: )) ÷÷ a +0 club x2; a hobgoblin skeleton; a quokka skeleton
Items here: )) ÷÷ a +0 club x2; a hobgoblin skeleton; a quokka skeleton; Health restored: 18 Unknown command.
Some of the chunks of flesh in your inventory have rotted away.
Items here: )) ÷÷ a +0 club x2; a hobgoblin skeleton; a quokka skeleton You open the door.
There is an open door here.
A jackal comes into view.
The jackal barks!
You hear a bark! x2
An adder comes into view.
Unknown command.
Unknown command.
The adder hisses angrily.
There is an open door here.
You sock the jackal!
You kill the jackal!
You closely miss the adder. The adder bites you but does no damage.
You block the adder's attack.
Your shield and scale mail prevent you from hitting the adder.
The adder bites you but does no damage.
You barely miss the adder. The adder bites you but does no damage.
The adder completely misses you.
You sock the adder!
The adder is heavily wounded.
The adder completely misses you.
A rat comes into view.
The adder bites you.
You are poisoned.
The adder poisons you!
You take 3 damage, and have 15/18 hp.
You closely miss the adder.
The adder is heavily wounded.
You feel sick. You block the adder's attack. The adder bites you.
You take 4 damage, and have 11/18 hp.
MASSIVE DAMAGE!!
You closely miss the adder.
The adder is heavily wounded.
You feel sick. The adder bites you but does no damage.
You block the adder's attack.
Your shield and scale mail prevent you from hitting the adder.
The adder is heavily wounded.
The adder bites you.
You are lethally poisoned!
The adder poisons you! The adder barely misses you.
You take 1 damage, and have 10/18 hp.
Unknown command.
You closely miss the adder.
The adder is heavily wounded.
You feel sick. You block the adder's attack. The adder bites you.
* * * LOW HITPOINT WARNING * * *
You take 5 damage, and have 5/18 hp.
MASSIVE DAMAGE!!
You hit the adder.
You kill the adder!
You have reached level 2!
Your demonic ancestry asserts itself...
Your feet thicken and deform.
* * * LOW HITPOINT WARNING * * *
You feel sick.
MP restored: 2 Unknown command.
Okay, then.
You hit the rat.
You kill the rat!
* * * LOW HITPOINT WARNING * * *
You feel sick.
You take 1 damage, and have 5/24 hp.
* * * LOW HITPOINT WARNING * * *
You feel sick.
There is an open door, spattered with blood here.
Things that are here:
a rat corpse; an adder corpse You take 1 damage, and have 4/24 hp.
* * * LOW HITPOINT WARNING * * *
You feel sick.
You take 1 damage, and have 3/24 hp.
A dart slug comes into view.
* * * LOW HITPOINT WARNING * * *
You feel sick.
You take 1 damage, and have 2/24 hp.
The dart slug launches a dart at you. The slug dart hits you.
* * * LOW HITPOINT WARNING * * *
You take 1 damage, and have 1/24 hp.
Unknown command.
You die... .█ █████████w██

█..........█
█..........█ .
█..........█..
█............
█.........█
████.........█..█
█..†....@.....█
█.██........███
██.██........█
█...██████████
████████...█
......██...█
......██...█
......██...█
......██...█


You could see a dart slug.

Vanquished Creatures
  An adder (D:2)
  2 hobgoblins
  A jackal (D:2)
  A quokka (D:2)
  A goblin (D:2)
  A kobold (D:2)
  2 rats
9 creatures vanquished.

Notes
Turn   | Place    | Note
-------+----------+-------------------------------------------
     0 | D:1      | Goblin1989 the Demonspawn Fighter began the quest for the
                  | Orb.
     0 | D:1      | Reached XP level 1. HP: 18/18 MP: 1/1
   189 | D:1      | You fall through a shaft!
   360 | D:2      | Gained mutation: You have large cloven feet. [demonic
                  | ancestry]
   360 | D:2      | Reached XP level 2. HP: 6/24 MP: 2/2
   368 | D:2      | HP: 1/24 [dart slug/slug dart (1)]
   369 | D:2      | Succumbed to an adder's poison

Skill      XL: |  1 |
---------------+----+-----
Maces & Flails | 2 |  2.2
Fighting       | |  3.1
Armour         | |  2.8
Shields        | |  2.8

Action                   || total
-------------------------++-------
Melee: Flail             ||    27
Armor: Scale mail        ||     7
Dodge: Dodged            ||     7
Block: Shield            ||    11

Levels and vault maps discovered:
D:1:      wander_arrival_fairy_ring, layout_loops_ring
D:2:      layout_basic, makhleb_heckhound_becter, first_ration,
          nicolae_qazlal_general_emergency
